 Dungeon Sprint DCSS version 0.28.0-43-g3370ac3207 (webtiles) character file.

Game seed: 854113842130965177

3691 boopmooplesden the Fencer (level 9, -4/92 (100) HPs)
             Began as a Minotaur Berserker on Mar 17, 2022.
             Was the Champion of Trog.
             Slain by a hellwing (9 damage)
             ... summoned by an orc sorcerer
             ... in the Dungeon (Sprint III: "The Ten Rune Challenge").
             The game lasted 00:04:23 (1813 turns).

boopmooplesden the Fencer (Minotaur Berserker)      Turns: 1813, Time: 00:04:24

HP:   -4/92 (100)   AC: -4    Str: 23    XL:     9   Next: 90%
MP:   2/2           EV: 17    Int:  4    God:    Trog [******]
Gold: 19            SH:  0    Dex: 15    Spells: 8/8 levels left

rFire   + . .      SeeInvis .   u - +4 great sword (antimagic)
rCold   . . .      Faith    .   (shield currently unavailable)
rNeg    . . .      Spirit   .   b - +0 animal skin
rPois   .          Reflect  .   (helmet restricted)
rElec   .          Harm     .   r - +0 cloak
rCorr   .          Rampage  .   (no gloves)
Will    .....      NoTele   +   (no boots)
Stlth   +++.......              (no amulet)
HPRegen 0.25/turn               (no ring)
MPRegen 0.08/turn               (no ring)

@: corroded, on berserk cooldown, hasted and slowed, drained
A: horns 2, retaliatory headbutt, talons 1, agile 1, fire resistance 1
a: Renounce Religion, Berserk, Trog's Hand, Brothers in Arms


You were in the Dungeon.
You worshipped Trog.
Trog was exalted by your worship.
You visited 1 branch You collected 19 gold pieces.

Inventory:

Hand Weapons
 a - a +0 falchion
 i - a +0 hand crossbow
 s - a +0 long sword of holy wrath
 u - a +4 antimagic great sword (weapon)
Armour
 b - a +0 animal skin (worn)
 r - a +0 cloak (worn)
Wands
 p - a wand of iceblast (11)
Scrolls
 j - a scroll of holy word {unknown}
 k - a scroll of identify {unknown}
 n - a scroll of immolation {unknown}
 o - a scroll of silence {unknown}
Potions
 f - 2 potions of magic
 g - 2 potions of berserk rage
 l - 3 potions of flight
 m - 2 potions of mutation
 q - a potion of might
Miscellaneous
 t - a box of beasts (inert)


   Skills:
 + Level 16.0 Fighting
 + Level 17.4 Long Blades
 + Level 7.2 Armour
 + Level 9.8 Dodging
 + Level 5.7 Stealth


You had 8 spell levels left.
You didn't know any spells.
Your spell library was empty.

Dungeon Overview and Level Annotations

Branches:
Dungeon (1/1)

Altars:
Cheibriados
Dithmenos
Elyvilon
Fedhas
Gozag
Hepliaklqana
Kikubaaqudgha
Makhleb
Nemelex Xobeh
Okawaru
Qazlal
Ru
Sif Muna
Trog
Uskayaw
Vehumet
Wu Jian
Xom
Yredelemnul
Zin
The Shining One
Beogh
Jiyva
Lugonu

Shops:
D ?


Innate Abilities, Weirdness & Mutations

You have a pair of horns on your head.
You reflexively headbutt those who attack you in melee.
You have sharp toenails.
You are agile. (Dex +2)
Your flesh is heat resistant. (rF+)


Message History

The orc wizard is healed somewhat.
You hear a shout!
You hit the rust devil but do no damage.
Your kick misses the rust devil. You headbutt the rust devil.
The rust devil is severely wounded.
The rust devil barely misses you.
You slash the rust devil! You claw the rust devil.
You headbutt the rust devil, but do no damage.
The rust devil is almost dead.
The rust devil barely misses you.
The orc sorcerer gestures at you while chanting.
The bolt of negative energy hits the rust devil.
The rust devil completely resists.
The bolt of negative energy hits you!!
You feel drained. The rust devil hits you! The rust devil corrodes you!
The hellwing swoops through the air toward you!
The hellwing barely misses you. You furiously retaliate!
You headbutt the hellwing, but do no damage.
The hellwing barely misses you.
The rust devil disappears in a puff of smoke!
The orc sorcerer gestures at you while chanting.
The bolt of negative energy hits you!!
You feel drained.
* * * LOW HITPOINT WARNING * * *
The hellwing barely misses you. x2
You see here a +4 triple sword of flaming.
You feel yourself speed up. The hellwing misses you. x2
The hellwing closely misses you. The hellwing hits you!
* * * LOW HITPOINT WARNING * * *
You hit the orc sorcerer.
The orc sorcerer's magic leaks into the air.
You claw the orc sorcerer, but do no damage.
Your headbutt misses the orc sorcerer.
The orc sorcerer is lightly wounded.
The orc sorcerer's magic is no longer disrupted.
The orc sorcerer misses you.
You hit the orc sorcerer.
The orc sorcerer's magic leaks into the air.
Your headbutt misses the orc sorcerer.
The orc sorcerer is moderately wounded.
The hellwing hits you!
You die...

##.############ ### $$
#..#___#___#__####$$#§#..
#..#.†.#__)#)_#.$.).§...#
#..###'#'###'##o.o).o..$#
#..#..........#4)o§o...##
...'.⌠........#o#o####.#
...#...######'#o###
...#.⌠.#__#...#o#################
...#...#__#...#4@§§≈'.#.+y.y'†#.#
...#)###__#...#.#§§§#.#.#.).##y#.
...#)::#__#...'.#§§§#.#.#)).#.#.#
...#___#__'...#.#§§§#...#...##y#.
▓▓▓▓▓▓▓▓▓▓▓▓▓▓▓▓▓▓▓▓▓▓▓▓▓▓▓▓#.#.#
##.#. +.#.# ##.#. #+##


You could see a hellwing (summoned), an orc sorcerer (magic disrupted), a red
devil (summoned), an orc warrior, an orc priest and an orc.

Vanquished Creatures
  Snorg (D)
  A centaur warrior (D)
  An orc high priest (D)
  A deep elf pyromancer (D)
  A shadow (D)
  A spatial vortex (D)
  2 orc warriors (D)
  A necrophage (D)
  2 centaurs (D)
  An earth elemental (D)
  A water elemental (D)
  5 killer bees (D)
  An orc priest (D)
  A jelly (D)
  A wizard (D)
  A necromancer (D)
  3 humans (D)
  A kobold demonologist (D)
  A wolf (D)
  3 orcs (D)
  2 endoplasms (D)
  2 rats (D)
34 creatures vanquished.

Vanquished Creatures (others)
  An orc (D)
1 creature vanquished.

Grand Total: 35 creatures vanquished

Notes
Turn   | Place    | Note
-------+----------+-------------------------------------------
     0 | D        | boopmooplesden the Minotaur Berserker began the quest for
                  | the Orb.
     0 | D        | Reached XP level 1. HP: 19/19 MP: 0/0
    11 | D        | Reached skill level 4 in Long Blades
   107 | D        | Reached ** piety under Trog
   131 | D        | Noticed a wolf
   137 | D        | Killed a wolf
   138 | D        | Reached skill level 5 in Fighting
   138 | D        | Reached skill level 5 in Long Blades
   138 | D        | Reached XP level 2. HP: 23/29 MP: 1/1
   144 | D        | Reached skill level 6 in Long Blades
   144 | D        | Reached XP level 3. HP: 25/37 MP: 2/2
   312 | D        | Gained mutation: You sometimes lose the ability to read
                  | scrolls when taking damage. [potion of mutation]
   312 | D        | Gained mutation: You have sharp toenails. [potion of
                  | mutation]
   313 | D        | Lost mutation: You sometimes lose the ability to read
                  | scrolls when taking damage. [potion of mutation]
   313 | D        | Lost mutation: You have sharp toenails. [potion of
                  | mutation]
   313 | D        | Gained mutation: Your movements are slightly less
                  | encumbered by armour. (ER -2) [potion of mutation]
   314 | D        | Lost mutation: Your movements are slightly less encumbered
                  | by armour. (ER -2) [potion of mutation]
   314 | D        | Gained mutation: Your movements are slightly less
                  | encumbered by armour. (ER -2) [potion of mutation]
   314 | D        | Gained mutation: You are agile. (Dex +2) [potion of
                  | mutation]
   314 | D        | Gained mutation: A frigid envelope surrounds you and
                  | freezes all who hurt you. [potion of mutation]
   316 | D        | Lost mutation: Your movements are slightly less encumbered
                  | by armour. (ER -2) [potion of mutation]
   316 | D        | Lost mutation: A frigid envelope surrounds you and freezes
                  | all who hurt you. [potion of mutation]
   316 | D        | Gained mutation: Your flesh is heat resistant. (rF+)
                  | [potion of mutation]
   316 | D        | Gained mutation: You have sharp toenails. [potion of
                  | mutation]
   319 | D        | Noticed a water elemental
   323 | D        | Killed a water elemental
   324 | D        | Reached skill level 7 in Long Blades
   324 | D        | Reached XP level 4. HP: 41/47 MP: 3/3
   575 | D        | Found a basalt altar of Yredelemnul.
   575 | D        | Found a shadowy altar of Dithmenos.
   575 | D        | Found a sacrificial altar of Ru.
   575 | D        | Noticed a necrophage
   579 | D        | Killed a necrophage
   579 | D        | Reached *** piety under Trog
   580 | D        | Reached skill level 9 in Long Blades
   580 | D        | Reached skill level 1 in Stealth
   580 | D        | Reached XP level 5. HP: 56/56 MP: 4/4
   618 | D        | Found a hide-covered altar of Uskayaw.
   618 | D        | Found an iron altar of Okawaru.
   620 | D        | Found a bloodstained altar of Trog.
   620 | D        | Found an ornate altar of the Wu Jian Council.
   620 | D        | Noticed a human
   620 | D        | Noticed a human
   624 | D        | Killed a human
   625 | D        | Reached skill level 10 in Fighting
   625 | D        | Reached skill level 10 in Long Blades
   625 | D        | Reached skill level 5 in Armour
   625 | D        | Reached skill level 5 in Dodging
   625 | D        | Reached XP level 6. HP: 67/67 MP: 5/5
   629 | D        | Killed a human
   629 | D        | Reached **** piety under Trog
   630 | D        | Reached skill level 11 in Long Blades
   733 | D        | Found a glowing silver altar of Zin.
   733 | D        | Found a glowing golden altar of the Shining One.
   733 | D        | Found a white marble altar of Elyvilon.
   733 | D        | Noticed a deep elf pyromancer
   740 | D        | Killed a deep elf pyromancer
   741 | D        | Reached skill level 13 in Long Blades
   741 | D        | Reached XP level 7. HP: 78/78 MP: 6/6
   773 | D        | Found a radiant altar of Vehumet.
   773 | D        | Found a shimmering blue altar of Sif Muna.
   773 | D        | Found an ancient bone altar of Kikubaaqudgha.
   779 | D        | Reached ***** piety under Trog
   793 | D        | Noticed a shadow
   795 | D        | Killed a shadow
   796 | D        | Reached skill level 14 in Long Blades
   796 | D        | Reached XP level 8. HP: 86/86 MP: 7/7
   802 | D        | Found a blossoming altar of Fedhas.
   802 | D        | Found a stormy altar of Qazlal.
   802 | D        | Found a snail-covered altar of Cheibriados.
   802 | D        | Found a burning altar of Makhleb.
   802 | D        | Found a shimmering altar of Xom.
   803 | D        | Found a hazy altar of Hepliaklqana.
   803 | D        | Found an opulent altar of Gozag.
   803 | D        | Found a sparkling altar of Nemelex Xobeh.
   803 | D        | Found a corrupted altar of Lugonu.
   803 | D        | Found a viscous altar of Jiyva.
   995 | D        | Noticed Snorg
  1007 | D        | Killed Snorg
  1008 | D        | Reached skill level 15 in Long Blades
  1083 | D        | Reached XP level 9. HP: 37/96 MP: 8/8
  1351 | D        | Noticed a centaur warrior
  1358 | D        | Killed a centaur warrior
  1359 | D        | Reached skill level 15 in Fighting
  1359 | D        | Reached skill level 16 in Long Blades
  1423 | D        | Noticed a queen bee
  1436 | D        | Reached ****** piety under Trog
  1437 | D        | Reached skill level 5 in Stealth
  1443 | D        | Received a gift from Trog
  1782 | D        | Noticed an orc high priest
  1783 | D        | Found Voecanon's Magic Scroll Emporium.
  1783 | D        | Noticed an orc sorcerer
  1785 | D        | Noticed a hellwing
  1792 | D        | Noticed a smoke demon
  1792 | D        | Killed an orc high priest
  1793 | D        | Reached skill level 17 in Long Blades
  1800 | D        | Received a gift from Trog
  1803 | D        | Noticed a rust devil
  1805 | D        | Noticed a red devil
  1806 | D        | Noticed a hellwing
  1813 | D        | Slain by a hellwing

Illustrated notes

Levels and vault maps discovered:
D:        dungeon_sprint_mu [sprint_mu_entry_cave, sprint_mu_temple_rooms,
          sprint_mu_d1_horrors, sprint_mu_d2_genie, sprint_mu_d3_branching,
          sprint_mu_orc_legion, sprint_mu_elf_gauntlet, sprint_mu_hive_nellie,
          sprint_mu_lair_fedhas, sprint_mu_vaults_butterflies,
          sprint_mu_slime_circle, sprint_mu_swamp_cave, sprint_mu_shoals_kraken,
          sprint_mu_blade_basic, sprint_mu_crypt_lich, sprint_mu_tomb_spiral,
          sprint_mu_vestibule_basic, sprint_mu_gehenna_hellfire,
          sprint_mu_dis_giant, sprint_mu_tartarus_statrot,
          sprint_mu_cocytus_islands, sprint_mu_zot1]

Skill      XL: |  1  2  3  4  5  6  7  8  9 |
---------------+----------------------------+-----
Fighting       | 5 7 8 10 12 13 14 16 | 16.0
Long Blades    | 5 6 7 9 10 13 14 15 17 | 17.4
Armour         | 3 4 5 6 7 |  7.2
Dodging        | 3 4 5 6 7 8 9 |  9.8
Stealth        | 1 2 3 4 5 |  5.7

Action                   |  1- 3 |  4- 6 |  7- 9 || total
-------------------------+-------+-------+-------++-------
Melee: Falchion          |    19 |    18 |       ||    37
       Headbutt          |     1 |     2 |    13 ||    16
       Kick              |       |     3 |    28 ||    31
       Long sword        |       |       |    43 ||    43
       Punch             |       |       |     2 ||     2
       Great sword       |       |       |    22 ||    22
Invok: Berserk           |     2 |     3 |     5 ||    10
Evoke: Box of beasts     |       |       |     2 ||     2
  Use: Potion            |     4 |       |     4 ||     8
       Scroll            |       |       |     1 ||     1
 Stab: Sleeping          |     1 |       |     2 ||     3
Armor: Animal skin       |     2 |       |    13 ||    15
Dodge: Dodged            |     8 |     3 |    83 ||    94
